 Dungeon Crawl Stone Soup version 0.17-a0-1923-gc35365e (webtiles) character file.

35 derrpe the Grave Robber (level 3, -1/28 HPs)
             Began as a Deep Dwarf Necromancer on Sept 28, 2015.
             Slain by a worm (2 damage)
             ... on level 2 of the Dungeon.
             The game lasted 00:04:33 (2387 turns).

derrpe the Grave Robber (Deep Dwarf Necromancer)    Turns: 2387, Time: 00:04:34

Health: -1/28      AC:  2    Str: 11    XL:     3   Next: 16%
Magic:  0/6        EV: 12    Int: 16    God:
Gold:   108        SH:  0    Dex: 13    Spells: 1 memorised, 5 levels left

rFire  . . .     SeeInvis .     g - +0 club
rCold  . . .     Clarity  +     a - +0 robe
rNeg   . . .     SustAt   .     (no shield)
rPois  .         Gourm    .     (no helmet)
rElec  .         Spirit   .     (no cloak)
rCorr  .         Warding  .     (no gloves)
rMut   .         Stasis   .     (no boots)
MR     .....                    i - amulet of clarity
Stlth  ++........               (no ring)
                                (no ring)

@: non-regenerating, not resistant to hostile enchantments, unstealthy
A: damage resistance, recharge devices, sense surroundings 1, slow healing 3
a: Device Recharging


You were on level 2 of the Dungeon.
You were not hungry.

You visited 1 branch of the dungeon, and saw 2 of its levels.

You collected 108 gold pieces.

Inventory:

Hand weapons
 g - a +0 club (weapon)
Armour
 a - a +0 robe (worn)
Jewellery
 i - an amulet of clarity (around neck)
Magical devices
 c - a wand of heal wounds (4)
 k - a wand of random effects (17)
Scrolls
 e - a scroll of amnesia {unknown}
 f - 3 scrolls of remove curse {unknown}
 h - a scroll of teleportation {unknown}
 l - a scroll of recharging {unknown}
 m - a scroll of enchant weapon {unknown}
Potions
 j - a potion of heal wounds {unknown}
Books
 b - a book of Necromancy

   Spells                             Type                      Level
   a - Pain                           Necromancy                   1
   b - Animate Skeleton               Necromancy                   1
   c - Vampiric Draining              Necromancy                   3
   d - Regeneration                   Charms/Necromancy            3
   e - Animate Dead                   Necromancy                   4
   f - Control Undead                 Necromancy                   4


   Skills:
 - Level 2.1 Dodging
 - Level 2.4 Stealth
 + Level 2.2 Spellcasting
 * Level 5.2 Necromancy


You had 5 spell levels left.
You knew the following spells:

 Your Spells              Type           Power        Failure   Level  Hunger
a - Pain                  Necr           ###.         2%          1    #......


Dungeon Overview and Level Annotations

Branches:
Dungeon (2/15)

Altars:


Innate Abilities, Weirdness & Mutations

You are resistant to damage.
You can recharge devices by infusing magical energy.
You passively map a small area around you.
You do not heal naturally.


Message History

Aiming: Pain
Press: ? - help, Shift-Dir - straight line, f/p - worm
Aim: a worm (heavily wounded, chance to defeat MR: 84%)
The worm convulses in agony!
You hit the worm.
The worm is severely wounded.
The worm bites you.
* * * LOW HITPOINT WARNING * * *
You hit the worm.
The worm is severely wounded.
The worm bites you.
Casting: Pain
Confirm with . or Enter, or press ? or * to list all spells.
You don't have enough magic to cast that spell.
You hit the worm.
The worm is severely wounded.
You hit the worm but do no damage.
The worm is severely wounded.
The worm bites you.
You die...

.####..#.#######.##.####.######..
.........# #.##.# #..[......
##..##..## #.##.# ####......
#..#....### #.##.# #..####.
#....##...## #....# #.## #.
...######w.## ##.... **#. #. .###
##..# #<#* [., .. .# ##.#####.###
**..., ##. ##### #....w@...#
....,* .)..# #######....).#...
###.# #...<....... , ##.####### ,
....######... #(......$. ####.#
.. #w.####### ..# #....# #.##
##.##.#* #. , , .#.#*... **


You could see a worm.

Vanquished Creatures
  An ooze (D:2)
  6 bats
  A giant cockroach (D:1)
  5 goblins
  2 hobgoblins
  2 jackals (D:1)
  A giant gecko (D:1)
  3 giant newts
  2 kobolds
  A quokka (D:2)
  8 rats
32 creatures vanquished.

Notes
Turn   | Place    | Note
--------------------------------------------------------------
     0 | D:1      | derrpe the Deep Dwarf Necromancer began the quest for the Orb.
     0 | D:1      | Reached XP level 1. HP: 15/15 MP: 3/3
  1125 | D:1      | Reached XP level 2. HP: 13/22 MP: 0/5
  1474 | D:1      | Reached skill level 5 in Necromancy
  2137 | D:2      | Reached XP level 3. HP: 24/28 MP: 2/6
  2384 | D:2      | HP: 1/28 [worm (1)]
  2387 | D:2      | Slain by a worm

Vault maps used:
D:1:      onia_arrival_handbag, grunt_decor_clamped
D:2:      amethyst_killhole

Action                   || total
-------------------------++-------
Melee: Unarmed           ||    10
       Club              ||    14
 Cast: Pain              ||    78
Evoke: Wand              ||     3
  Eat: Chunk             ||     3
       Bread ration      ||     1
